 Dungeon Crawl Stone Soup version 0.29-a0-575-g0dc89cf053 (webtiles) character file.

Game seed: 6418817004511279481

2341 raistware the Destroyer (level 9, -2/59 HPs)
             Began as a Human Conjurer on June 12, 2022.
             Was a Follower of Vehumet.
             Slain by a wight
             ... wielding a +2 long sword
              (9 damage)
             ... on level 7 of the Dungeon.
             The game lasted 00:18:40 (7204 turns).

raistware the Destroyer (Human Conjurer)            Turns: 7204, Time: 00:18:41

Health: -2/59      AC:  3    Str:  7    XL:     9   Next: 70%
Magic:  16/27      EV: 12    Int: 23    God:    Vehumet [*.....]
Gold:   134        SH:  0    Dex: 12    Spells: 10/21 levels left

rFire   . . .      SeeInvis .   a - +2 whip (flame)
rCold   . . .      Faith    .   (no shield)
rNeg    . . .      Spirit   .   x - +0 robe
rPois   .          Reflect  .   (no helmet)
rElec   .          Harm     .   B - scarf {+Inv}
rCorr   .          Rampage  .   c - +0 pair of gloves
Will    +....                   (no boots)
Stlth   ++........              (no amulet)
HPRegen 0.19/turn               n - ring of willpower
MPRegen 0.20/turn               F - ring of magical power

@: no status effects
A: no striking features
a: Renounce Religion, Evoke Invisibility


You were on level 7 of the Dungeon.
You worshipped Vehumet.
Vehumet was aware of your devotion.
You visited 2 branches of the dungeon, and saw 8 of its levels.

You collected 354 gold pieces.
You spent 220 gold pieces at shops.

Inventory:

Hand Weapons
 a - a +2 whip of flaming (weapon)
 b - the +4 rapier of the King {antimagic, Dex+6}
   (You took it off a gnoll on level 4 of the Dungeon)

   It reduces the magical energy of the wielder, and disrupts the spells and
   magical abilities of those it strikes.
   Natural abilities and divine invocations are not affected.
   Dex:       It affects your dexterity (+6).
Missiles
 u - 6 boomerangs of dispersal
Armour
 c - a +0 pair of gloves (worn)
 x - a +0 robe (worn)
 B - a scarf of invisibility (worn)
Jewellery
 n - a ring of willpower (left hand)
 F - a ring of magical power (right hand)
Wands
 y - a wand of acid (7)
 C - a wand of iceblast (6)
Scrolls
 d - 5 scrolls of vulnerability {unknown}
 e - a scroll of amnesia {unknown}
 f - 2 scrolls of teleportation {unknown}
 g - 6 scrolls of identify {unknown}
 h - a scroll of poison {unknown}
 j - a scroll of blinking {unknown}
 m - a scroll of brand weapon {unknown}
 q - a scroll of enchant weapon {unknown}
 r - a scroll of noise {unknown}
 t - a scroll of fear {unknown}
 v - a scroll of immolation {unknown}
 z - 2 scrolls of magic mapping {unknown}
 A - a scroll of enchant armour {unknown}
 D - a scroll of torment {unknown}
 H - a scroll of fog {unknown}
Potions
 i - 6 potions of curing
 k - a potion of ambrosia {unknown}
 l - a potion of heal wounds {unknown}
 o - 3 potions of lignification {unknown}
 p - a potion of resistance {unknown}
 s - 2 potions of might {unknown}
 w - 2 potions of flight {unknown}
 E - a potion of haste
 G - a potion of degeneration {unknown}


   Skills:
 - Level 1.0 Fighting
 + Level 0.8 Armour
 - Level 2.0 Dodging
 - Level 3.0 Stealth
 * Level 6.6 Spellcasting
 * Level 8.2 Conjurations
 * Level 6.3 Hexes
 - Level 1.0 Translocations
 - Level 1.0 Evocations


You had 10 spell levels left.
You knew the following spells:

 Your Spells              Type           Power      Damage    Failure   Level
a - Magic Dart            Conj           100%       1d8       1%          1
b - Searing Ray           Conj           90%        2d7       1%          2
c - Fulminant Prism       Conj/Hex       20%        3d13      4%          4
d - Iskenderun's Mystic   Conj/Tloc      28%        2d7       12%         4

Your spell library contained the following spells:

 Spells                   Type           Power      Damage    Failure   Level
 Shock                    Conj/Air       100%       1d9       1%          1
 Dazzling Flash           Conj/Hex       82%        N/A       1%          3
 Tukima's Dance           Hex            36%        N/A       1%          3
 Summon Guardian Golem    Hex/Summ       22%        N/A       6%          3
 Beastly Appendage        Tmut           14%        N/A       9%          1
 Wereblood                Tmut           7%         N/A       12%         2
 Spider Form              Tmut/Pois      7%         N/A       24%         3
 Passage of Golubria      Tloc           12%        N/A       47%         4
 Yara's Violent Unravell  Hex/Tmut       11%        3d6       52%         5
 Orb of Destruction       Conj           22%        9d8       93%         7
 Spellforged Servitor     Conj/Summ      13%        N/A       100%        7


Dungeon Overview and Level Annotations

Branches:
Dungeon (7/15)             Temple (1/1) D:5

Altars:
Dithmenos
Elyvilon
Kikubaaqudgha
Makhleb
Okawaru
Qazlal
Sif Muna
Trog
Vehumet
Wu Jian
Xom
Yredelemnul
The Shining One

Shops:
D:2 :   D:6 =

Annotations:
D:2 1 runed translucent door, Crazy Yiuf


Message History

Confirm with . or Enter, or press ? or * to list all spells.
Aiming: Fulminant Prism (dangerous; 4% risk of failure)
Press: ? - help, Dir - move target You conjure a prism of explosive energy!
A fulminant prism comes into view.
The wight hits you with a +2 long sword!
You feel drained.
The wight hits your fulminant prism with a +2 dagger!
The wight hits you with a +2 long sword!
Your fulminant prism crackles loudly.
Casting: Fulminant Prism (dangerous; 4% risk of failure)
Confirm with . or Enter, or press ? or * to list all spells.
Aiming: Searing Ray (safe; 1% risk of failure)
Press: ? - help, Shift-Dir - straight line, f - wight
Aim: a wight, wielding a +0 morningstar and wearing a +0 robe (82% to hit)
The searing ray hits the wight.
The wight is moderately damaged.
The searing ray hits the wight!
You destroy the wight!
Vehumet accepts your kill.
The searing ray hits the wight.
The wight is moderately damaged. (Press . to maintain the ray.)
The wight hits your fulminant prism with a +2 dagger.
The wight hits you with a +2 long sword!
* * * LOW HITPOINT WARNING * * *
You feel drained.
* * * LOW HITPOINT WARNING * * *
Your fulminant prism explodes!
The blast of energy engulfs the wight!
You destroy the wight!
Vehumet accepts your kill.
The blast of energy engulfs the wight!!
You destroy the wight!
Vehumet accepts your kill.
Your life force feels restored.
The searing ray hits the wight.
The wight is heavily damaged.
The wight hits you with a +2 long sword!
You die...

##.# ##.....## ..#
##...## ..# ##'##
##.# #.# #. #.#
#######.## .
#........## 8_.
#.###.....###.._..
##....@z))))..
....#.##########
###...# ###.# #.#
..# ##


You could see a wight.

Vanquished Creatures
  Pikel (D:4)
  A wyvern (D:6)
  Eustachio (D:6)
  An ice beast (D:6)
  3 black bears (D:6)
  2 orc warriors (D:6)
  An ogre (D:5)
  2 lemures (D:4)
  2 scorpions (D:5)
  4 wights (D:7)
  2 howler monkeys (D:5)
  2 hounds
  4 orc priests
  3 jellies
  Jessica (D:2)
  2 iguanas
  An orc wizard (D:3)
  7 gnolls
  7 adders
  A white imp (D:5)
  3 ufetubi
  A dart slug (D:1)
  19 orcs
  3 bats (D:1)
  2 endoplasms (D:2)
  2 giant cockroaches (D:4)
  5 goblins
  5 hobgoblins
  7 kobolds
  4 quokkas
  5 ball pythons
  2 frilled lizards (D:1)
  5 rats
111 creatures vanquished.

Vanquished Creatures (others)
  23 fulminant prisms
23 creatures vanquished.

Grand Total: 134 creatures vanquished

Notes
Turn   | Place    | Note
-------+----------+-------------------------------------------
     0 | D:1      | raistware the Human Conjurer began the quest for the Orb.
     0 | D:1      | Reached XP level 1. HP: 13/13 MP: 3/3
   305 | D:1      | Reached XP level 2. HP: 19/19 MP: 1/5
   308 | D:1      | Learned a level 2 spell: Searing Ray
   848 | D:1      | Reached XP level 3. HP: 24/24 MP: 4/6
  1349 | D:2      | Found Awkoqufe's Book Shop.
  1376 | D:2      | Reached XP level 4. HP: 30/30 MP: 3/8
  1381 | D:2      | Learned a level 4 spell: Fulminant Prism
  1816 | D:2      | Noticed Jessica
  1821 | D:2      | Killed Jessica
  2009 | D:2      | Found a runed translucent door.
  2010 | D:2      | Noticed Crazy Yiuf
  2181 | D:3      | Reached XP level 5. HP: 35/35 MP: 7/9
  2217 | D:3      | Reached skill level 1 in Hexes
  2257 | D:3      | Reached skill level 5 in Conjurations
  2516 | D:3      | Found a glowing golden altar of the Shining One.
  3417 | D:4      | Identified the +4 rapier of the King {antimagic, Dex+6}
  3441 | D:4      | Reached XP level 6. HP: 41/41 MP: 8/11
  3793 | D:4      | Learned a level 4 spell: Iskenderun's Mystic Blast
  3836 | D:4      | Noticed Pikel
  4104 | D:4      | Killed Pikel
  4105 | D:4      | Reached skill level 6 in Conjurations
  4105 | D:4      | Reached skill level 1 in Translocations
  4105 | D:4      | Reached XP level 7. HP: 37/46 MP: 0/13
  4624 | D:5      | Entered Level 5 of the Dungeon
  4633 | D:5      | Reached XP level 8. HP: 52/52 MP: 3/14
  4965 | D:5      | Reached skill level 5 in Spellcasting
  5277 | D:5      | Found a staircase to the Ecumenical Temple.
  5449 | Temple   | Entered the Ecumenical Temple
  5500 | Temple   | Became a worshipper of Vehumet
  5618 | D:6      | Noticed a wyvern
  5626 | D:6      | Killed a wyvern
  5627 | D:6      | Reached skill level 7 in Conjurations
  5627 | D:6      | Reached skill level 1 in Evocations
  5862 | D:6      | Reached skill level 5 in Hexes
  5966 | D:6      | Reached XP level 9. HP: 57/57 MP: 12/17
  6265 | D:6      | Reached skill level 1 in Fighting
  6457 | D:6      | Noticed Eustachio
  6507 | D:6      | Killed Eustachio
  6645 | D:6      | Found Zihaurgh's Jewellery Boutique.
  6653 | D:6      | Bought a ring of magical power for 220 gold pieces
  6799 | D:6      | Reached * piety under Vehumet
  6799 | D:6      | Offered knowledge of Shock by Vehumet.
  6800 | D:6      | Reached skill level 8 in Conjurations
  7192 | D:7      | Found a shadowy altar of Dithmenos.
  7192 | D:7      | Found a bloodstained altar of Trog.
  7204 | D:7      | Slain by a wight

Illustrated notes

Levels and vault maps discovered:
D:1:      heliophobic_arrival_dark_side_of_the_moon, layout_basic,
          chequers_serial_rivers_marsh
D:2:      layout_loops_ring, serial_shops, nicolae_shop_statue_plus,
          uniq_jessica, uniq_crazy_yiuf_cottage
D:3:      layout_basic, lemuel_tele_altar, chequers_serial_rivers_micro_b
D:4:      minmay_wonky_spiral, layout_cave_pods, uniq_pikel
D:5:      layout_rooms, minmay_temple_entry_proselytizer, dk_rats_in_the_wall
D:6:      layout_cave_pools, serial_shops, shop, uniq_eustachio
D:7:      layout_loops_corners, chequers_temple_overflow_statue_of_worship,
          minitemple
Temple:   zaba_magenta_temple

Skill      XL: |  1  2  3  4  5  6  7  8  9 |
---------------+----------------------------+-----
Spellcasting   | 3 4 5 6 |  6.6
Hexes          | 1 3 5 6 |  6.3
Conjurations   | 5 6 7 8 |  8.2
Stealth        | 3 |  3.0
Translocations | 1 |  1.0
Evocations     | 1 |  1.0
Fighting       | 1 |  1.0
Armour         | |  0.8
Dodging        | |  2.0

Action                   |  1- 3 |  4- 6 |  7- 9 || total
-------------------------+-------+-------+-------++-------
Melee: Unarmed           |     8 |       |       ||     8
       Whip              |       |    47 |    30 ||    77
       Rapier            |       |     2 |       ||     2
 Cast: Magic Dart        |    50 |    60 |    34 ||   144
       Searing Ray       |     1 |    11 |    22 ||    34
       Fulminant Prism   |       |     2 |    21 ||    23
  Use: Potion            |       |     2 |       ||     2
Armor: Robe              |     6 |    11 |     7 ||    24
Dodge: Dodged            |    23 |    49 |    28 ||   100

Table legend: (Time is in decaauts)
 A = Elapsed time spent in this place.
 B = Non-inter-level travel time spent in this place.
 C = Inter-level travel time spent in this place.
 D = Time resting spent in this place.
 E = Time spent auto-exploring this place.
 F = Levels seen in this place.
 G = Mean time per level.
                   A        B        C        D        E       F      G
               +--------+--------+--------+--------+--------+-----+--------+
         Total |   7216 |   6900 |    316 |   1343 |   4547 |   8 |  902.0 |
       Dungeon |   7149 |   6849 |    300 |   1343 |   4507 |   7 | 1021.3 |
        Temple |     66 |     51 |     15 |      0 |     40 |   1 |   66.0 |
               +--------+--------+--------+--------+--------+-----+--------+

Top non-repeatable levels by time:
     D:4: 1859 daAuts
     D:5: 1149 daAuts
     D:6: 1062 daAuts
     D:1: 1014 daAuts
     D:2: 1013 daAuts
     D:3: 815 daAuts
     D:7: 233 daAuts
  Temple: 66 daAuts
